 Dungeon Crawl Stone Soup version 0.31-a0-271-gb88eb75e06 (webtiles) character file.

Game seed: 14402868271151014724

11834 Iniera the Martial Artist (level 11, -4/87 HPs)
             Began as a Demonspawn Brigand on July 15, 2023.
             Was an Elder of Uskayaw.
             Slain by an ice devil (13 damage)
             ... on level 11 of the Dungeon.
             The game lasted 00:14:47 (9429 turns).

Iniera the Martial Artist (Demonspawn Brigand)      Turns: 9429, Time: 00:14:47

Health: -4/87      AC: 13    Str: 27    XL:     11   Next: 54%
Magic:  13/14      EV: 12    Int: 13    God:    Uskayaw [****..]
Gold:   44         SH:  0    Dex: 15    Spells: 10/10 levels left

rFire   + .          .
                       - Unarmed
rCold   . . .        (no shield)
rNeg    . . .        J - +2 chain mail {rF+}
rPois   .            (no helmet)
rElec   .            c - +2 cloak
rCorr   .            q - +1 pair of gloves
SInv    .            (no boots)
Will    .....        p - amulet of regeneration Stlth
                     i - +6 ring of strength
HPRegen 1.14/turn    r - +6 ring of strength
MPRegen 0.14/turn

%: no passive effects
@: corroded, studying Armour
A: slimy green scales 2, demonic magic 1, demonic touch 2
a: Renounce Religion, Stomp, Line Pass


You were on level 11 of the Dungeon.
You worshipped Uskayaw.
Uskayaw was noncommittal.
You visited 2 branches of the dungeon, and saw 12 of its levels.
You also visited: Sewer and Ossuary.

You collected 896 gold pieces.
You spent 852 gold pieces at shops.

Inventory:

Missiles
 d - 25 poisoned darts (quivered)
 g - 6 throwing nets
 z - 2 curare-tipped darts
Armour
 c - a +2 cloak (worn)
 q - a +1 pair of gloves (worn)
 J - a +2 chain mail of fire resistance (worn)
Jewellery
 b - a ring of willpower
 i - a +6 ring of strength (left hand)
 p - an amulet of regeneration (around neck)
 r - a +6 ring of strength (right hand)
Wands
 m - a wand of mindburst (20)
 u - a wand of flame (45)
 x - a wand of roots (7)
 C - a wand of polymorph (10)
 G - a wand of digging (3)
 H - a wand of charming (5)
Scrolls
 e - a scroll of immolation
 f - 2 scrolls of fog
 h - 2 scrolls of fear
 k - 4 scrolls of revelation
 s - 3 scrolls of teleportation
 y - 2 scrolls of enchant armour
 L - 3 scrolls of blinking
Potions
 a - 2 potions of brilliance {unknown}
 j - 4 potions of mutation
 l - a potion of invisibility {unknown}
 n - 4 potions of resistance {unknown}
 o - 3 potions of enlightenment
 v - 5 potions of might {unknown}
 w - a potion of cancellation
 A - a potion of lignification {unknown}
 B - 3 potions of attraction
 D - a potion of haste
 F - 2 potions of curing {unknown}
 I - 3 potions of heal wounds {unknown}
Miscellaneous
 K - a phial of floods


   Skills:
 + Level 8.9 Fighting
 - Level 1.7 Short Blades
 - Level 1.7 Throwing
 + Level 8.0 Armour
 + Level 6.2 Dodging
 - Level 3.6 Stealth
 * Level 10.6 Unarmed Combat
 + Level 5.2 Invocations


You had 10 spell levels left.
You didn't know any spells.
Your spell library contained the following spells:

 Spells                   Type           Power      Damage    Failure   Level
 Sting                    Tmut/Pois      0%         1d3       77%         1
 Poisonous Vapours        Pois/Air       0%         N/A       88%         2
 Static Discharge         Conj/Air       0%         2-2/arc   88%         2
 Frozen Ramparts          Ice            0%         1d1       98%         3
 Gell's Gravitas          Tloc           0%         N/A       98%         3
 Inner Flame              Hex/Fire       0%         N/A       98%         3
 Teleport Other           Tloc           0%         N/A       98%         3
 Airstrike                Air            0%         2d(0-16)  100%        4
 Flame Wave               Conj/Fire      0%         2d4       100%        4
 Olgreb's Toxic Radiance  Pois           0%         N/A       100%        4
 Petrify                  Tmut/Erth      0%         N/A       100%        4
 Sticky Flame             Conj/Fire      0%         2d3       100%        4
 Summon Lightning Spire   Summ/Air       0%         N/A       100%        4
 Metabolic Englaciation   Hex/Ice        0%         N/A       100%        5
 Dispersal                Tloc           0%         N/A       100%        6


Dungeon Overview and Level Annotations

Branches:
Dungeon (11/15)            Temple (1/1) D:7           Sewer (visited)
Ossuary (visited)
   Lair: D:8-11         Orc: D:9-12

Altars:
Ashenzari
Cheibriados
Dithmenos
Fedhas
Gozag
Hepliaklqana
Kikubaaqudgha
Makhleb
Nemelex Xobeh
Okawaru
Qazlal
Ru
Sif Muna
Trog
Uskayaw
Vehumet
Wu Jian
Xom
Yredelemnul

Shops:
D:1 [   D:4 *   D:9 =   D:10 ?


Innate Abilities, Weirdness & Mutations

You are mostly covered in slimy green scales. (AC +3)
Spells you cast may paralyse adjacent enemies.
Your touch may inflict irresistible damage on your foes.


Message History

The ice devil hits you but does no damage.
The rust devil hits you!
* * * LOW HITPOINT WARNING * * *
The rust devil corrodes you!
You hit the rust devil.
You touch the rust devil!
The rust devil is moderately wounded.
The ice devil hits you but does no damage.
The rust devil closely misses you.
Uskayaw will force your foes to helplessly watch your dance.
You punch the rust devil!
You touch the rust devil!
The rust devil is almost dead.
The ice devil hits you but does no damage.
The rust devil hits you. The rust devil corrodes you!
Okay, then.
You hit the rust devil but do no damage.
You touch the rust devil.
You kill the rust devil!
The ice devil hits you but does no damage.
Your life force feels restored.
Your Armour skill increases to level 8!
You barely miss the ice devil. Your touch misses the ice devil.
The ice devil is lightly wounded.
You punch the ice devil! Your touch misses the ice devil.
You punch the ice devil, but do no damage.
The ice devil is moderately wounded.
A manticore comes into view.
The ice devil hits you but does no damage.
Uskayaw will force your foes to share their pain.
Uskayaw links your audience in an emotional bond!
You barely miss the ice devil.
You punch the ice devil, but do no damage.
The ice devil is moderately wounded.
The ice devil hits you. The ice devil freezes you!!
* * * LOW HITPOINT WARNING * * *
You barely miss the ice devil.
The ice devil is moderately wounded.
The ice devil hits you.
* * * LOW HITPOINT WARNING * * *
The ice devil freezes you!
You die...

.# .# .# .
##. ......
....#.#####
#......#
#...@..#
##..4..#
#.....#
#......#
.H....###
..######
... ..


You could see a manticore (pain bonded) and an ice devil (pain bonded).

Vanquished Creatures
  Gastronok (D:9)
  Harold (D:10)
  A two-headed ogre (D:10)
  A death yak (D:11)
  Pikel (D:5)
  A rust devil (D:11)
  Maurice (D:9)
  Maggie (D:8)
  Psyche (D:8)
  A hornet (D:7)
  Sigmund (D:3)
  5 yaks (D:4)
  A wyvern (D:9)
  6 slime creatures
  Grum (D:8)
  3 steam dragons
  Menkaure (D:5)
  Edmund (D:5)
  An ice beast (D:7)
  4 sky beasts
  4 wolves
  4 black bears
  2 ogres (D:5)
  2 centaurs
  A lemure (D:5)
  A phantom (D:5)
  A kobold brigand (D:10)
  Blork the orc (D:5)
  4 bullfrogs
  A gnoll sergeant (D:9)
  8 scorpions
  8 wights (D:6)
  8 killer bees
  3 howler monkeys
  A jelly (D:6)
  4 hounds
  2 orc priests
  2 sleepcaps
  Terence (D:3)
  10 orc wizards
  5 iguanas
  A hell rat (Sewer)
  8 mummies (Ossuary)
  5 gnolls
  5 adders
  2 river rats
  A shadow imp (D:5)
  3 white imps
  2 ufetubi
  5 worms
  5 dart slugs
  36 orcs
  6 ball pythons
  4 endoplasms
  2 giant cockroaches
  4 goblins
  5 hobgoblins
  4 jackals (D:1)
  A quokka (D:4)
  5 bats
  3 frilled lizards
  A gnoll zombie (Ossuary)
  12 kobolds
  2 kobold zombies (Ossuary)
  2 orc zombies (Ossuary)
  14 rats
245 creatures vanquished.

Vanquished Creatures (collateral kills)
  2 hobgoblin zombies (Ossuary)
  An orc zombie (Ossuary)
3 creatures vanquished.

Grand Total: 248 creatures vanquished

Notes
Turn   | Place    | Note
-------+----------+-------------------------------------------
     0 | D:1      | Iniera the Demonspawn Brigand began the quest for the Orb.
     0 | D:1      | Reached XP level 1. HP: 16/16 MP: 1/1
   187 | D:1      | Found Avipn's Armour Emporium.
   255 | D:1      | Reached skill level 1 in Armour
   255 | D:1      | Gained mutation: Your touch may inflict minor irresistible
                  | damage on your foes. [demonic ancestry]
   255 | D:1      | Reached XP level 2. HP: 18/23 MP: 2/2
   816 | D:2      | Reached XP level 3. HP: 23/28 MP: 3/3
  1491 | D:2      | Found a faded altar of an unknown god.
  1805 | D:3      | Found a shadowy altar of Dithmenos.
  1837 | D:3      | Noticed Terence
  1887 | D:3      | Reached XP level 4. HP: 23/35 MP: 4/4
  1896 | D:3      | Found a glowing drain.
  1905 | Sewer    | Entered a sewer
  1960 | Sewer    | Reached skill level 1 in Unarmed Combat
  2121 | D:3      | Noticed Sigmund
  2134 | D:3      | Killed Sigmund
  2135 | D:3      | Reached skill level 2 in Unarmed Combat
  2135 | D:3      | Reached XP level 5. HP: 14/42 MP: 5/5
  2135 | D:3      | Gained mutation: You are partially covered in slimy green
                  | scales. (AC +2) [demonic ancestry]
  2135 | D:3      | Reached XP level 6. HP: 17/48 MP: 6/6
  2152 | D:3      | Reached skill level 3 in Unarmed Combat
  2365 | D:3      | Killed Terence
  2541 | D:3      | Found a sparkling altar of Nemelex Xobeh.
  3068 | D:1      | Bought a +1 pair of gloves for 149 gold pieces
  3505 | D:4      | Found Roecisym's Fire Supplies.
  3597 | D:5      | Entered Level 5 of the Dungeon
  3615 | D:5      | Noticed a yak
  3615 | D:5      | Noticed a yak
  3617 | D:5      | Noticed a yak
  3617 | D:5      | Noticed a yak
  3619 | D:5      | Noticed a yak
  3651 | D:4      | Killed a yak
  3652 | D:4      | Reached skill level 4 in Unarmed Combat
  3652 | D:4      | Reached XP level 7. HP: 27/55 MP: 7/7
  3686 | D:4      | Killed a yak
  3706 | D:4      | Killed a yak
  3707 | D:4      | Reached skill level 5 in Fighting
  3707 | D:4      | Reached skill level 5 in Unarmed Combat
  3718 | D:4      | Killed a yak
  3719 | D:4      | Reached XP level 8. HP: 59/62 MP: 8/8
  3935 | D:5      | Reached skill level 6 in Unarmed Combat
  3992 | D:5      | Noticed Blork the orc
  4007 | D:5      | Reached skill level 5 in Armour
  4015 | D:5      | Killed Blork the orc
  4042 | D:5      | Noticed Edmund
  4051 | D:5      | Killed Edmund
  4122 | D:5      | Reached skill level 7 in Unarmed Combat
  4199 | D:5      | Found a shimmering blue altar of Sif Muna.
  4380 | D:5      | Gained mutation: You are mostly covered in slimy green
                  | scales. (AC +3) [demonic ancestry]
  4380 | D:5      | Reached XP level 9. HP: 70/71 MP: 9/9
  4397 | D:5      | Noticed Menkaure
  4403 | D:5      | Killed Menkaure
  4455 | D:5      | Noticed Pikel
  4480 | D:5      | Killed Pikel
  4605 | D:5      | Reached skill level 8 in Unarmed Combat
  4975 | D:6      | Identified the +4 ring mail "Deer" {rF+}
  5032 | D:6      | Reached skill level 1 in Dodging
  5445 | D:7      | Paralysed by a hornet for 2 turns
  5452 | D:7      | Gained mutation: Your touch may inflict irresistible damage
                  | on your foes. [demonic ancestry]
  5452 | D:7      | Reached XP level 10. HP: 61/79 MP: 10/10
  5544 | D:7      | Reached skill level 9 in Unarmed Combat
  5830 | D:7      | Found a staircase to the Ecumenical Temple.
  5874 | D:7      | Found a bloodstained altar of Trog.
  5931 | Temple   | Entered the Ecumenical Temple
  5992 | Temple   | Became a worshipper of Uskayaw the Reveller
  6052 | D:7      | Reached * piety under Uskayaw
  6136 | D:8      | Found a sand-covered staircase.
  6141 | Ossuary  | Entered an ossuary
  6156 | Ossuary  | Reached ** piety under Uskayaw
  6163 | Ossuary  | Reached *** piety under Uskayaw
  6167 | Ossuary  | Reached **** piety under Uskayaw
  6174 | Ossuary  | Reached ***** piety under Uskayaw
  6441 | D:8      | Reached skill level 1 in Invocations
  6456 | D:8      | Found a snail-covered altar of Cheibriados.
  6457 | D:8      | Noticed Maggie
  6485 | D:8      | Killed Maggie
  6533 | D:8      | Noticed Grum
  6721 | D:8      | Killed Grum
  7226 | D:8      | Noticed Psyche
  7237 | D:8      | Killed Psyche
  7238 | D:8      | Reached skill level 5 in Dodging
  7379 | D:9      | Found a radiant altar of Vehumet.
  7520 | D:9      | Noticed Gastronok
  7530 | D:9      | Gained mutation: Spells you cast may paralyse adjacent
                  | enemies. [demonic ancestry]
  7530 | D:9      | Reached XP level 11. HP: 87/87 MP: 13/13
  7540 | D:9      | Killed Gastronok
  7541 | D:9      | Reached skill level 10 in Unarmed Combat
  7705 | D:9      | Noticed Maurice
  7715 | D:9      | Killed Maurice
  7888 | D:9      | Found Reneorph's Jewellery Shop.
  8354 | D:9      | Found an opulent altar of Gozag.
  8719 | D:10     | Entered Level 10 of the Dungeon
  8792 | D:10     | Noticed a two-headed ogre
  8805 | D:10     | Killed a two-headed ogre
  8975 | D:10     | Noticed Harold
  8986 | D:10     | Killed Harold
  9116 | D:10     | Found Vitoaffai's Magic Scroll Shoppe.
  9120 | D:10     | Bought a scroll of enchant armour for 112 gold pieces
  9120 | D:10     | Bought a scroll of blinking for 112 gold pieces
  9120 | D:10     | Bought 2 scrolls of blinking for 225 gold pieces
  9120 | D:10     | Bought a scroll of revelation for 112 gold pieces
  9120 | D:10     | Bought a scroll of revelation for 112 gold pieces
  9120 | D:10     | Bought a scroll of identify for 30 gold pieces
  9396 | D:11     | Noticed a death yak
  9396 | D:11     | Noticed a death yak
  9397 | D:11     | Noticed a death yak
  9404 | D:11     | Noticed a death yak
  9407 | D:11     | Killed a death yak
  9408 | D:11     | Reached skill level 5 in Invocations
  9409 | D:11     | Noticed a death yak
  9429 | D:11     | Slain by an ice devil

Illustrated notes

Levels and vault maps discovered:
D:1:      minmay_arrival_diagonal_passages, layout_loops_cross, serial_shops,
          nicolae_shop_pleasant_corner_grove, minmay_statues_item
D:2:      layout_basic, shapermc_ecumenical_altar_petra, kennysheep_donut
D:3:      layout_basic, nemelex_spade_bored_becter, lemuel_doored_altar,
          portal_sewer_entry_b, chequers_big_river, uniq_sigmund, uniq_terence
D:4:      layout_basic, nicolae_shop_fire_sale [nicolae_sub_dead_trees],
          nicolae_wormholes
D:5:      layout_gridville, overflow_temple_1_default, grunt_tough_drop,
          uniq_menkaure, uniq_pikel, uniq_edmund, uniq_blork_the_orc
D:6:      layout_rooms
D:7:      layout_gridville, zin_academy, mainiacjoe_overflow_paths,
          minmay_temple_entry_glassed_door, chequers_jeans
D:8:      layout_basic, lemuel_tele_altar, enter_ossuary_2,
          minmay_misc_feat_roman, hangedman_decor_push, uniq_psyche, uniq_grum,
          uniq_maggie
D:9:      layout_layer_cave, nicolae_gozag_seed_capital, fiery_altar_vehumet,
          serial_shops, shop, kennysheep_minor_cross, uniq_gastronok,
          uniq_maurice
D:10:     layout_roguey, elyvilon_altar_5, serial_shops,
          nicolae_shop_back_alley_shop, minmay_variable_closet,
          serial_park_tiny_1, uniq_harold
D:11:     layout_big_octagon, dpeg_lair_monsters, erik_orc_1, serial_demonic,
          serial_demonic_d, serial_demonic_e, serial_demonic_g,
          serial_demonic_b, serial_demonic_a, serial_demonic_e,
          serial_demonic_g, serial_demonic_c, serial_demonic_d,
          serial_demonic_g, enter_trove_5
Temple:   nicolae_temple_god_jail

Skill      XL: |  1  2  3  4  5  6  7  8  9 10 11 |
---------------+----------------------------------+-----
Armour         | 1 2 3 4 5 6 7 8 |  8.0
Fighting       | 3 4 5 6 7 8 |  8.9
Unarmed Combat | 2 4 5 7 8 9 10 | 10.6
Dodging        | 2 5 6 |  6.2
Invocations    | 3 5 |  5.2
Short Blades   | |  1.7
Throwing       | |  1.7
Stealth        | |  3.6

Action                     |  1- 3 |  4- 6 |  7- 9 | 10-12 || total
---------------------------+-------+-------+-------+-------++-------
  Melee: Dagger            |   119 |   146 |       |       ||   265
         Touch             |    15 |    27 |    40 |    52 ||   134
         Punch             |     1 |     9 |    10 |    28 ||    48
         Unarmed           |       |    27 |   262 |   311 ||   600
  Throw: Dart              |       |       |     6 |     7 ||    13
 Invoke: Stomp             |       |       |       |     4 ||     4
    Use: Scroll            |     4 |     5 |       |     9 ||    18
         Potion            |       |     2 |     1 |     1 ||     4
   Stab: Sleeping          |     5 |     2 |     2 |     2 ||    11
         Paralysed         |       |       |       |    15 ||    15
         Distracted        |       |       |       |     1 ||     1
 Armour: Robe              |    29 |    21 |       |       ||    50
         Scale mail        |       |    38 |   137 |       ||   175
         Ring mail         |       |       |    22 |   155 ||   177
         Skin              |       |       |       |     4 ||     4
         Chain mail        |       |       |       |    18 ||    18
  Dodge: Dodged            |    77 |    71 |   140 |   284 ||   572

Table legend: (Time is in decaauts)
 A = Elapsed time spent in this place.
 B = Non-inter-level travel time spent in this place.
 C = Inter-level travel time spent in this place.
 D = Time resting spent in this place.
 E = Time spent auto-exploring this place.
 F = Levels seen in this place.
 G = Mean time per level.
                   A        B        C        D        E       F      G
               +--------+--------+--------+--------+--------+-----+--------+
         Total |   9330 |   8783 |    547 |    504 |   6384 |  14 |  666.4 |
       Dungeon |   8851 |   8339 |    512 |    504 |   6134 |  11 |  804.6 |
        Temple |     74 |     40 |     34 |      0 |     28 |   1 |   74.0 |
         Sewer |    169 |    169 |      0 |      0 |     92 |   1 |  169.0 |
       Ossuary |    234 |    234 |      0 |      0 |    130 |   1 |  234.0 |
               +--------+--------+--------+--------+--------+-----+--------+

Top non-repeatable levels by time:
     D:9: 1337 daAuts
     D:5: 1186 daAuts
     D:3: 1059 daAuts
     D:2: 1045 daAuts
     D:7: 951 daAuts
     D:1: 757 daAuts
     D:8: 754 daAuts
    D:10: 639 daAuts
     D:4: 638 daAuts
     D:6: 419 daAuts
 Ossuary: 234 daAuts
   Sewer: 169 daAuts
  Temple: 74 daAuts
    D:11: 60 daAuts
